 Dungeon Crawl Stone Soup version 0.16-a0-3041-gb38e1a0 (webtiles) character file.

2903 B1inky the Spear-Bearer (level 9, -3/74 HPs)
             Began as a Demigod Fighter on Dec 9, 2014.
             Killed by a malign offering
             ... invoked by a deep elf priest
              (16 damage)
             ... in a bailey.
             The game lasted 00:27:35 (11146 turns).

B1inky the Spear-Bearer (Demigod Fighter)          Turns: 11146, Time: 00:27:35

Health: -3/74      AC: 15    Str: 25    XL:     9   Next: 25%
Magic:  15/15      EV: 10    Int: 12    God:
Gold:   320        SH: 10    Dex: 20    Spells: 0 memorised, 8 levels left

rFire  . . .     SeeInvis .     a - +1 trident
rCold  . . .     Clarity  .     H - +1 plate armour
rNeg   . . .     SustAb   +     c - +0 shield
rPois  .         Gourm    .     (no helmet)
rElec  .         Spirit   .     (no cloak)
rCorr  .         Warding  .     K - +0 pair of gloves
rMut   .         Stasis   +     (no boots)
MR     .....                    k - amulet of stasis
Stlth  ..........               (no ring)
                                x - +1 ring of evasion

@: agile, lethally poisoned, not resistant to hostile enchantments, extremely
unstealthy
A: sustain abilities
a: no special abilities


You were in a bailey.
You were not hungry.

You visited 1 branch of the dungeon, and saw 7 of its levels.
You also visited: Bailey.

You collected 320 gold pieces.

Inventory:

Hand weapons
 a - a +1 trident (weapon)
 y - a +1 dagger of venom
Missiles
 h - 6 javelins (quivered)
 Q - 6 tomahawks
Armour
 b - a +0 scale mail
 c - a +0 shield (worn)
 H - a +1 plate armour (worn)
 I - a +1 leather armour of fire resistance
 K - a +0 pair of gloves (worn)
Jewellery
 k - an amulet of stasis (around neck)
 x - a +1 ring of evasion (left hand)
Magical devices
 v - a wand of polymorph (11)
 P - a wand of lightning (2)
 R - a wand of magic darts (35)
Scrolls
 j - a scroll of enchant weapon
 q - 3 scrolls of remove curse
 u - 2 scrolls of immolation
 A - 2 scrolls of blinking
 G - a scroll of magic mapping
 N - 2 scrolls of identify
 T - a scroll of amnesia
Potions
 s - a potion of cure mutation
 t - a potion of restore abilities
 E - a potion of ambrosia
Comestibles
 f - 4 bread rations
 p - a meat ration
 D - a beef jerky
 F - a royal jelly
 M - 4 fruits


   Skills:
 - Level 5.0 Fighting
 - Level 9.0 Polearms
 + Level 7.6 Armour
 - Level 2.6 Shields


You had 8 spell levels left.
You didn't know any spells.

Dungeon Overview and Level Annotations

Branches:
Dungeon (7/15)
 Temple: D:4-7


Innate Abilities, Weirdness & Mutations

Your attributes are resistant to harm.


Message History

The deep elf mage hits you but does no damage.
You hit the deep elf mage.
The deep elf mage is almost dead.
The deep elf mage closely misses you.
You hit the deep elf mage.
The deep elf mage is almost dead.
You feel sick. You block the deep elf mage's attack.
You puncture the deep elf mage!
You kill the deep elf mage!
You feel sick.
The deep elf priest shoots an arrow.
The arrow hits you but does no damage.
The deep elf priest shoots an arrow.
The arrow hits you.
* * * LOW HITPOINT WARNING * * *
You feel sick.
The deep elf priest shoots an arrow.
The arrow hits you.
* * * LOW HITPOINT WARNING * * *
There is a gate leading back out of this place here.
You see here an arrow.
The deep elf priest utters a dark prayer and points at you.
Your life force is offered up.
You die...

#####
##...######
#..∩..##..##
#.....#....#
##...##....#
####'##).##
##...###
#.....#
#..@..#
#.....#
#(...##
#)#####


ee# .... #.... .... .. You could see a deep elf priest and a deep elf fighter.

Vanquished Creatures
  A deep elf mage (Bailey)
  A deep elf fighter (Bailey)
  Edmund (D:5)
  A sky beast (D:5)
  An ice beast (D:5)
  A deep dwarf (D:4)
  4 ogres
  An orc warrior (D:6)
  3 centaurs
  A phantom (D:4)
  Sigmund (D:5)
  Duvessa (D:7)
  2 giant frogs (D:6)
  3 wights
  A water moccasin skeleton (D:7)
  The ghost of B1inky the Poker, a weakling DgFi (D:3)
  3 crimson imps (D:5)
  Dowan (D:7)
  A hound (D:4)
  A jelly (D:5)
  3 orc priests
  7 worker ants
  A giant frog skeleton (D:6)
  An iguana (D:7)
  Natasha (thrice) (D:5)
  7 orc wizards
  A hound zombie (D:5)
  4 gnolls (D:4)
  A hound skeleton (D:5)
  6 adders
  3 giant geckos
  3 oozes
  25 orcs
  2 ball pythons
  11 bats
  A bat zombie (D:5)
  5 giant cockroaches
  18 goblins
  11 hobgoblins
  9 kobolds
  3 quokkas
  5 giant newts
  13 jackals
  8 rats
181 creatures vanquished.

Notes
Turn   | Place    | Note
--------------------------------------------------------------
     0 | D:1      | B1inky, the Demigod Fighter, began the quest for the Orb.
     0 | D:1      | Reached XP level 1. HP: 18/18 MP: 2/2
    54 | D:1      | Reached skill level 3 in Armour
   154 | D:1      | Reached XP level 2. HP: 25/25 MP: 3/3
  1118 | D:2      | Found a shadowy altar of Dithmenos.
  1292 | D:2      | Found an ancient bone altar of Kikubaaqudgha.
  1301 | D:2      | Found a sacrificial altar of Ru.
  1349 | D:2      | Reached XP level 3. HP: 30/30 MP: 5/5
  1449 | D:2      | Reached skill level 4 in Armour
  1865 | D:3      | Noticed B1inky's ghost (weakling DgFi)
  2814 | D:3      | Killed B1inky's ghost
  2814 | D:3      | Reached XP level 4. HP: 14/37 MP: 7/7
  3670 | D:3      | HP: 1/37 [poisoned by an orc wizard]
  4362 | D:3      | Reached XP level 5. HP: 21/42 MP: 8/8
  4659 | D:4      | Noticed a phantom
  4876 | D:4      | Noticed an ogre
  4878 | D:4      | Noticed a deep dwarf
  4878 | D:4      | an ogre changed into a deep dwarf
  4889 | D:4      | Killed a deep dwarf
  4889 | D:4      | Reached skill level 5 in Polearms
  5154 | D:4      | Reached XP level 6. HP: 34/50 MP: 10/10
  5445 | D:4      | Noticed an ogre
  5460 | D:4      | Noticed an ogre
  5588 | D:4      | Killed an ogre
  5599 | D:4      | Killed an ogre
  5599 | D:4      | Reached skill level 6 in Polearms
  6454 | D:4      | Reached XP level 7. HP: 49/56 MP: 12/12
  6693 | D:4      | Reached skill level 7 in Polearms
  7189 | D:4      | Killed a phantom
  7364 | D:5      | Entered Level 5 of the Dungeon
  7389 | D:5      | Noticed Natasha
  7399 | D:5      | Killed Natasha
  7411 | D:5      | Reached skill level 8 in Polearms
  8018 | D:5      | Found an opulent altar of Gozag.
  8018 | D:5      | Found a sparkling altar of Nemelex Xobeh.
  8025 | D:5      | Reached XP level 8. HP: 60/62 MP: 13/13
  8100 | D:5      | Noticed Edmund
  8124 | D:5      | Killed Edmund
  8124 | D:5      | Reached skill level 9 in Polearms
  8414 | D:5      | Noticed Natasha
  8417 | D:5      | Killed Natasha
  8964 | D:5      | Noticed Natasha
  8969 | D:5      | Killed Natasha
  8978 | D:5      | Reached skill level 5 in Fighting
  9754 | D:6      | Noticed Sigmund
  9779 | D:5      | Killed Sigmund
  9779 | D:5      | Reached skill level 5 in Armour
  9901 | D:6      | Found an opulent altar of Gozag.
 10627 | D:7      | Reached XP level 9. HP: 74/74 MP: 15/15
 10643 | D:7      | Noticed Duvessa
 10643 | D:7      | Noticed Dowan
 10667 | D:7      | Killed Duvessa
 10675 | D:7      | Killed Dowan
 11088 | D:7      | Found a flagged portal.
 11103 | Bailey   | Entered a bailey
 11146 | Bailey   | Killed from afar by a deep elf priest

Action                   |  1- 3 |  4- 6 |  7- 9 || total
-------------------------+-------+-------+-------++-------
Melee: Trident           |   193 |   235 |   476 ||   904
Throw: Javelin           |       |     2 |     4 ||     6
Evoke: Wand              |       |     3 |     1 ||     4
  Use: Scroll            |       |     5 |    10 ||    15
       Potion            |       |     2 |     5 ||     7
 Stab: Confused          |       |       |     2 ||     2
  Eat: Chunk             |     2 |     7 |    10 ||    19
       Fruit             |     3 |       |     1 ||     4
       Beef jerky        |     1 |       |       ||     1
       Bread ration      |       |     1 |       ||     1
       Meat ration       |       |       |     1 ||     1
